 Dungeon Crawl Stone Soup version 0.30.1-4-g462c640d31 (webtiles) character file.

Game seed: 3878106833097762125

49866 safid the Spry (level 14, -5/123 HPs)
             Began as a Merfolk Ice Elementalist on Aug 9, 2023.
             Was a High Priest of Vehumet.
             Slain by an ettin
             ... wielding a +2 heavy dire flail
              (31 damage)
             ... on level 1 of the Orcish Mines on Aug 10, 2023.
             The game lasted 00:38:49 (18380 turns).

safid the Spry (Merfolk Ice Elementalist)          Turns: 18380, Time: 00:38:50

Health: -5/123     AC: 23    Str: 10    XL:     14   Next: 52%
Magic:  26/26      EV: 24    Int: 18    God:    Vehumet [*****.]
Gold:   1760       SH:  5    Dex: 14    Spells: 20/29 levels left

rFire   + . .        p - +2 short sword (venom)
rCold   + + .        u - +0 buckler {AC+3}
rNeg    . . .        c - +2 robe {rC+ rF+}
rPois   +            (no helmet)
rElec   .            (no cloak)
rCorr   .            I - +1 pair of gloves
SInv    .            v - +0 pair of boots
Will    +....        F - amulet of regeneration
Stlth   ++           k - +4 ring of protection
HPRegen 1.20/turn    z - ring of the Country {rPois rC+ EV+5}
MPRegen 0.20/turn

%: no passive effects
@: ice-armoured, freezing walls
A: (nimble swimmer 2), mertail
a: Renounce Religion


You were on level 1 of the Orcish Mines.
You worshipped Vehumet.
Vehumet was extremely pleased with you.
You visited 4 branches of the dungeon, and saw 19 of its levels.
You also visited: Ossuary.

You collected 1760 gold pieces.

Inventory:

Hand Weapons
 p - a +2 short sword of venom (weapon)
Armour
 c - a +2 robe of resistance (worn)
 s - the +0 robe of Spring {rN+}
   (You found it on level 3 of the Dungeon)

   rN:        It protects you from negative energy.
 u - a +0 buckler of protection (worn)
 v - a +0 pair of boots (worn)
 I - a +1 pair of gloves (worn)
Jewellery
 d - a ring of resist corrosion
 e - a ring of protection from fire
 k - a +4 ring of protection (left hand)
 z - the ring of the Country (right hand) {rPois rC+ EV+5}
   (You found it on level 4 of the Dungeon)

   [ring of evasion]

   EV:        It affects your evasion (+5).
   rC:        It protects you from cold.
   rPois:     It protects you from poison.
 F - an amulet of regeneration (around neck)
 H - a ring of wizardry
Wands
 a - a wand of polymorph (11)
 f - a wand of charming (5)
 L - a wand of roots (21)
 O - a wand of quicksilver (14)
 R - a wand of flame (6)
Scrolls
 h - 3 scrolls of brand weapon
 n - 3 scrolls of teleportation
 o - 2 scrolls of amnesia
 r - 7 scrolls of magic mapping
 t - 3 scrolls of fog {unknown}
 y - 3 scrolls of fear
 B - 5 scrolls of blinking
 C - 2 scrolls of torment {unknown}
 E - 2 scrolls of enchant weapon {unknown}
 J - 5 scrolls of immolation {unknown}
 N - a scroll of acquirement {unknown}
 P - a scroll of silence {unknown}
 Q - 3 scrolls of summoning {unknown}
Potions
 b - 2 potions of magic
 g - 4 potions of brilliance
 i - 2 potions of ambrosia
 l - 8 potions of might
 m - 5 potions of heal wounds
 q - 5 potions of haste
 w - a potion of invisibility {unknown}
 x - 8 potions of flight
 A - 7 potions of curing
 D - a potion of berserk rage {unknown}
 G - 2 potions of resistance {unknown}
 K - 4 potions of lignification
Miscellaneous
 M - a phial of floods


   Skills:
 + Level 15.2 Fighting
 + Level 15.4 Dodging
 - Level 2.1 Stealth
 - Level 4.0 Shields
 - Level 8.0 Spellcasting
 - Level 6.0 Translocations
 - Level 12.0 Ice Magic
 + Level 7.8 Evocations


You had 20 spell levels left.
You knew the following spells:

 Your Spells              Type           Power      Damage    Failure   Level
a - Freeze                Ice            100%       1d10      1%          1
b - Frozen Ramparts       Ice            100%       1d16      1%          3
c - Ozocubu's Armour      Ice            50%        N/A       1%          3
d - Blink                 Tloc           56%        N/A       1%          2

Your spell library contained the following spells:

 Spells                   Type           Power      Damage    Failure   Level
 Fireball                 Conj/Fire      3%         3d4       65%         5
 Apportation              Tloc           56%        N/A       1%          1
 Lesser Beckoning         Tloc           56%        N/A       1%          2
 Momentum Strike          Conj/Tloc      36%        3d9       1%          2
 Gell's Gravitas          Tloc           28%        N/A       3%          3
 Teleport Other           Tloc           28%        N/A       3%          3
 Volatile Blastmotes      Fire/Tloc      36%        2d13      3%          3
 Poisonous Vapours        Pois/Air       14%        N/A       5%          2
 Dazzling Flash           Conj/Hex       14%        N/A       11%         3
 Iskenderun's Mystic Bla  Conj/Tloc      18%        2d6       11%         4
 Summon Ice Beast         Ice/Summ       28%        N/A       12%         4
 Necrotise                Necr           28%        1d5       14%         1
 Summon Small Mammal      Summ           28%        N/A       14%         1
 Summon Lightning Spire   Summ/Air       7%         N/A       80%         4
 Starburst                Conj/Fire      3%         6d3       99%         6
 Spellforged Servitor     Conj/Summ      3%         N/A       100%        7
 Summon Hydra             Summ           3%         N/A       100%        7


Dungeon Overview and Level Annotations

Branches:
Dungeon (12/15)            Temple (1/1) D:5            Lair (5/5) D:8
 Shoals (0/4) Lair:2        Snake (0/4) Lair:3        Slime (0/5) Lair:4
    Orc (1/2) D:12        Ossuary (visited)

Altars:
Ashenzari
Cheibriados
Dithmenos
Elyvilon
Fedhas
Gozag
Hepliaklqana
Kikubaaqudgha
Makhleb
Nemelex Xobeh
Okawaru
Qazlal
Ru
Sif Muna
Trog
Uskayaw
Vehumet
Wu Jian
Xom
Yredelemnul
Zin
The Shining One

Shops:
D:10 (   D:12 (

Annotations:
D:4 3 runed translucent doors, Zeor's ghost, amateur DjGl


Innate Abilities, Weirdness & Mutations

((You are very nimble when in or above water. (Stealth+, EV+, Speed+++)))
Your lower body shifts to a powerful aquatic tail in water.


Message History

Confirm with . or Enter, or press ? or * to list all spells.
Casting: Frozen Ramparts (safe; 1% risk of failure)
Press: ? - help, Dir - look around, f - activate The walls around you are covered in ice.
The wall freezes the ettin.
The ettin misses you. You block the ettin's attack.
The wall freezes the troll!
You block the troll's attack. The troll completely misses you.
The troll claws you.
Unknown command.
You puncture the troll!
The troll is severely wounded.
The wall freezes the ettin.
The ettin hits you with a +2 heavy dire flail!!
You block the ettin's attack.
The wall freezes the troll.
The troll bites you. The troll barely misses you. The troll misses you.
The wall freezes the orc.
Unknown command.
You are too injured to fight recklessly!
Unknown command.
Unknown command.
You barely miss the ettin.
The ettin is heavily wounded.
The wall freezes the ettin.
The ettin completely misses you. The ettin misses you.
The wall freezes the orc!
You kill the orc!
Vehumet accepts your kill.
You feel your power returning.
The wall freezes the troll!
You kill the troll!
Vehumet accepts your kill.
You feel your power returning.
You hit the ettin but do no damage.
The ettin is poisoned.
The ettin is heavily wounded.
The wall freezes the ettin but does no damage.
The ettin hits you with a +2 heavy dire flail!!
* * * LOW HITPOINT WARNING * * *
The ettin hits you with a +0 dire flail!
* * * LOW HITPOINT WARNING * * *
Unknown command.
Unknown command.
You feel much better.
The wall freezes the ettin.
The ettin hits you with a +2 heavy dire flail!!
You die...

.### ### ### ....#. # ##
##.####.#####....# #.##.
#...##...##.....##
......##...#..##....##.#
......###.....##........
......)#.......#........
.....)C@...##)##........
.>....##............>...
..... ###.##...........
.... #..###....#.... ...
....#....##.... ..
#..###.#.##.... .
#######....#...
##.##.###.......
#...............


You could see an ettin (very poisoned).

Vanquished Creatures
  Rupert (Lair:5)
  2 hydras (Lair:5)
  3 boulder beetles
  A centaur warrior (D:8)
  6 two-headed ogres
  5 death yaks (Lair:4)
  A skyshark (Lair:5)
  2 manticores
  An orc sorcerer (Orc:1)
  2 cyclopes (D:11)
  12 cane toads
  5 black mambas
  2 merfolk sirens (Lair:2)
  An unseen horror (D:11)
  4 rime drakes
  7 komodo dragons
  Maggie (D:7)
  4 trolls
  2 merfolk (Lair:2)
  5 polar bears
  2 hornets
  22 blink frogs
  7 dream sheep
  8 spriggans (Lair:5)
  A wyvern (D:9)
  37 yaks
  4 wraiths
  4 hogs (Lair:5)
  6 basilisks
  7 vampire mosquitoes (D:10)
  A steam dragon (D:9)
  2 nagas (Lair:3)
  A warg (Orc:1)
  12 water moccasins
  4 black bears
  An ice beast (D:7)
  5 orc warriors
  4 boggarts (Lair:5)
  24 wolves
  3 ogres
  9 centaurs
  A kobold brigand (D:8)
  9 bullfrogs
  A scorpion (D:6)
  15 wights
  4 killer bees (D:8)
  An electric eel (D:11)
  3 howler monkeys
  5 centaur zombies (Ossuary)
  5 jellies (Lair:4)
  9 orc priests
  A hound (D:5)
  4 iguanas
  A gnoll bouda (D:10)
  A sleepcap (D:5)
  9 orc wizards
  A hell rat (Lair:5)
  7 mummies (Ossuary)
  7 adders
  5 gnolls
  5 white imps
  An ufetubus (D:5)
  4 adder zombies (Ossuary)
  2 worms
  5 dart slugs
  45 orcs
  8 endoplasms
  3 giant cockroaches
  9 goblins
  4 hobgoblins
  3 jackals (D:3)
  7 kobolds
  2 quokkas
  7 ball pythons
  A bat (D:2)
  4 frilled lizards
  4 goblin zombies (Ossuary)
  4 hobgoblin zombies (Ossuary)
  5 kobold zombies (Ossuary)
  6 quokka zombies (Ossuary)
  3 rats
  2 rat zombies (Ossuary)
454 creatures vanquished.

Vanquished Creatures (others)
  Kirke (Lair:5)
  2 humans (Lair:5)
3 creatures vanquished.

Grand Total: 457 creatures vanquished

Notes
Turn   | Place    | Note
-------+----------+-------------------------------------------
     0 | D:1      | safid the Merfolk Ice Elementalist began the quest for the
                  | Orb.
     0 | D:1      | Reached XP level 1. HP: 13/13 MP: 3/3
   217 | D:1      | Found a faded altar of an unknown god.
   303 | D:1      | Reached XP level 2. HP: 17/20 MP: 3/5
   470 | D:1      | Reached skill level 1 in Fighting
   922 | D:2      | Reached XP level 3. HP: 26/26 MP: 3/6
   926 | D:2      | Learned a level 3 spell: Frozen Ramparts
  2199 | D:3      | Reached XP level 4. HP: 33/33 MP: 8/8
  2202 | D:3      | Identified the +0 robe of Spring {rN+}
  2294 | D:3      | Reached skill level 5 in Ice Magic
  2309 | D:3      | Learned a level 3 spell: Ozocubu's Armour
  2467 | D:3      | Found a shimmering altar of Xom.
  2719 | D:3      | Found a glowing golden altar of the Shining One.
  2913 | D:4      | Found a runed translucent gate.
  2913 | D:4      | Found a runed translucent gate.
  2913 | D:4      | Noticed Zeor's ghost (amateur DjGl)
  2939 | D:4      | Found a runed translucent gate.
  3020 | D:4      | Noticed an ogre
  3035 | D:4      | Killed an ogre
  3036 | D:4      | Reached skill level 1 in Shields
  3036 | D:4      | Reached XP level 5. HP: 38/39 MP: 0/9
  3574 | D:4      | Found a sparkling altar of Nemelex Xobeh.
  3583 | D:4      | Reached XP level 6. HP: 46/46 MP: 10/10
  3697 | D:4      | Identified the ring of the Country {rPois rC+ EV+5}
  3742 | D:5      | Entered Level 5 of the Dungeon
  3777 | D:5      | Found a sand-covered staircase.
  3785 | Ossuary  | Entered an ossuary
  4133 | Ossuary  | Reached XP level 7. HP: 52/52 MP: 12/12
  4923 | D:5      | Found a staircase to the Ecumenical Temple.
  4935 | D:5      | Got Fyoroac's Verses on Vitiation and Accomplices
  4941 | Temple   | Entered the Ecumenical Temple
  5055 | Temple   | Became a worshipper of Vehumet
  5315 | D:5      | Found a white marble altar of Elyvilon.
  5316 | D:5      | Found an ancient bone altar of Kikubaaqudgha.
  5317 | D:5      | Found an opulent altar of Gozag.
  5320 | D:5      | Found a snail-covered altar of Cheibriados.
  5322 | D:5      | Found a sacrificial altar of Ru.
  5763 | D:6      | Reached skill level 5 in Dodging
  5821 | D:6      | Found a hazy altar of Hepliaklqana.
  5867 | D:6      | Reached XP level 8. HP: 39/60 MP: 7/14
  6701 | D:7      | Noticed Maggie
  6718 | D:7      | Killed Maggie
  6719 | D:7      | Reached skill level 5 in Fighting
  6892 | D:7      | Reached skill level 5 in Spellcasting
  7084 | D:8      | Noticed a yak
  7085 | D:8      | Noticed a yak
  7104 | D:8      | Killed a yak
  7105 | D:8      | Reached XP level 9. HP: 44/69 MP: 11/16
  7469 | D:8      | Reached * piety under Vehumet
  7469 | D:8      | Offered knowledge of Sandblast by Vehumet.
  7659 | D:8      | Noticed a centaur warrior
  7665 | D:8      | Noticed a hornet
  7683 | D:8      | Killed a hornet
  7700 | D:8      | Killed a centaur warrior
  7701 | D:8      | Reached XP level 10. HP: 70/79 MP: 12/19
  7976 | D:8      | Found a staircase to the Lair.
  8386 | D:9      | Offered knowledge of Static Discharge by Vehumet.
  8394 | D:9      | Reached ** piety under Vehumet
  8743 | D:9      | Found a burning altar of Makhleb.
  9247 | D:10     | Entered Level 10 of the Dungeon
  9508 | D:10     | Reached skill level 10 in Dodging
  9535 | D:10     | Found Dar Tif's Weapon Shoppe.
  9679 | D:10     | Found a stormy altar of Qazlal.
  9719 | D:10     | Reached XP level 11. HP: 87/87 MP: 17/22
  9722 | D:10     | Offered knowledge of Scorch by Vehumet.
  9865 | D:10     | Learned a level 2 spell: Blink
 10366 | Lair:1   | Entered Level 1 of the Lair of Beasts
 10377 | Lair:1   | Reached skill level 10 in Ice Magic
 10395 | Lair:1   | Reached skill level 1 in Translocations
 10453 | Lair:1   | Reached *** piety under Vehumet
 11434 | Lair:2   | Reached skill level 10 in Fighting
 11437 | Lair:2   | Offered knowledge of Ignite Poison by Vehumet.
 11478 | Lair:2   | Reached XP level 12. HP: 97/97 MP: 24/24
 11506 | Lair:2   | Noticed a boulder beetle
 11530 | Lair:2   | Killed a boulder beetle
 11582 | Lair:2   | Found a staircase to the Shoals.
 12076 | Lair:3   | Found a staircase to the Snake Pit.
 12080 | Lair:3   | Noticed a boulder beetle
 12770 | Lair:3   | Reached **** piety under Vehumet
 13051 | Lair:3   | Killed a boulder beetle
 13053 | Lair:4   | Noticed a death yak
 13054 | Lair:4   | Noticed a death yak
 13113 | Lair:4   | Noticed a death yak
 13117 | Lair:4   | Noticed a death yak
 13119 | Lair:4   | Noticed a death yak
 13132 | Lair:4   | Killed a death yak
 13134 | Lair:4   | Killed a death yak
 13135 | Lair:4   | Reached skill level 5 in Translocations
 13139 | Lair:4   | Killed a death yak
 13139 | Lair:4   | Offered knowledge of Flame Wave by Vehumet.
 13140 | Lair:4   | Reached skill level 1 in Evocations
 13140 | Lair:4   | Killed a death yak
 13147 | Lair:4   | Killed a death yak
 13148 | Lair:4   | Reached XP level 13. HP: 24/111 MP: 22/25
 13503 | Lair:4   | Found a staircase to the Slime Pits.
 13843 | Lair:5   | Entered Level 5 of the Lair of Beasts
 14012 | Lair:5   | Reached ***** piety under Vehumet
 14012 | Lair:5   | Offered knowledge of Arcjolt by Vehumet.
 14217 | Lair:5   | Noticed Rupert
 14224 | Lair:5   | Paralysed by Rupert for 4 turns
 14234 | Lair:5   | Killed Rupert
 14268 | Lair:5   | Noticed Kirke
 14588 | Lair:5   | Reached skill level 5 in Evocations
 14935 | Lair:5   | Killed Kirke
 15414 | Lair:5   | Reached XP level 14. HP: 119/121 MP: 26/26
 16870 | D:12     | Identified the +6 chain mail of the Bells {Str+4}
 16904 | D:12     | Upgraded the game from 0.30.1-3-gfc49f6343a to
                  | 0.30.1-4-g462c640d31
 16911 | D:12     | Offered knowledge of Fireball by Vehumet.
 17087 | D:12     | Reached skill level 15 in Dodging
 17145 | D:12     | Found Xiptuvea's Antique Weapon Shop.
 17187 | D:12     | Found a staircase to the Orcish Mines.
 17355 | D:12     | Reached skill level 15 in Fighting
 17999 | Orc:1    | Entered Level 1 of the Orcish Mines
 18379 | Orc:1    | HP: 5/123 [ettin/+2 heavy dire flail (17)]
 18380 | Orc:1    | Slain by an ettin

Illustrated notes

Levels and vault maps discovered:
D:1:      nzn_arrival_water_spiral, layout_basic,
          dilly_ecumenical_altar_fadedgnrine
D:2:      layout_basic
D:3:      layout_loops_ring, mainiacjoe_overflow_chevrons, tso_oasis_becter
D:4:      layout_rooms, nemelex_dance_club_becter, gammafunk_ghost_split
D:5:      layout_basic, minitemple, minmay_temple_entry_offerings,
          enter_ossuary_1, minmay_between
D:6:      layout_cave_pools, mainiacjoe_overflow_small_starburst
D:7:      layout_basic, uniq_maggie
D:8:      layout_loops_ring, lair_entry_dummy, grunt_potential
D:9:      layout_rooms, amcnicky_altar_gilded
D:10:     layout_stronghold, mainiacjoe_overflow_brackets, serial_shops,
          nicolae_shop_waterfront
D:11:     layout_basic
D:12:     layout_stronghold, orc_0_dummy, serial_shops, nicolae_square_shop,
          kennysheep_generic_room_5
Temple:   bh_familiar_temple
Lair:1:   layout_loops_ring
Lair:2:   layout_big_grid, elwin_shoals_entry_stream
Lair:3:   layout_roguey, guppyfry_snake_entry_island, minmay_holes,
          dreamdust_deal_with_the_devil
Lair:4:   layout_loops_ring, nicolae_slime_entry_field_trip
Lair:5:   minmay_lair_end_enchanted_forest, layout_concentric_octagons,
          uniq_kirke, uniq_rupert
Orc:1:    layout_caves, nicolae_orc_lost_temple

Skill      XL: |  1  2  3  4  5  6  7  8  9 10 11 12 13 14 |
---------------+-------------------------------------------+-----
Fighting       | 1 2 3 4 5 7 8 10 13 14 15 | 15.2
Ice Magic      | 5 6 7 8 9 11 12 | 12.0
Dodging        | 3 4 5 6 8 10 11 12 14 15 | 15.4
Shields        | 1 2 3 4 |  4.0
Spellcasting   | 3 4 5 6 7 8 |  8.0
Translocations | 3 5 6 |  6.0
Evocations     | 1 6 7 |  7.8
Stealth        | |  2.1

Action                     |  1- 3 |  4- 6 |  7- 9 | 10-12 | 13-15 || total
---------------------------+-------+-------+-------+-------+-------++-------
  Melee: Dagger            |    73 |   116 |   184 |       |       ||   373
         Unarmed           |     1 |       |       |       |    12 ||    13
         Short sword       |       |       |    96 |   651 |   664 ||  1411
         Tailslap          |       |       |       |     4 |       ||     4
   Cast: Freeze            |    14 |    18 |     9 |     8 |     2 ||    51
         Frozen Ramparts   |     1 |     9 |    31 |    54 |    69 ||   164
         Ozocubu's Armour  |       |     4 |    24 |    50 |    66 ||   144
    Use: Scroll            |       |       |    11 |    10 |     7 ||    28
         Potion            |       |       |       |     2 |     3 ||     5
   Stab: Sleeping          |    10 |     6 |     6 |     3 |       ||    25
 Armour: Robe              |    11 |    33 |    66 |   179 |   247 ||   536
  Dodge: Dodged            |    50 |    87 |   206 |   666 |   936 ||  1945
  Block: Buckler           |       |    18 |    67 |   174 |   215 ||   474
